 Dungeon Crawl Stone Soup version 0.29-a0-839-g4793fd635e (webtiles) character file.

Game seed: 11712291045838516664

551 PentaManta the Grappler (level 7, -11/55 HPs)
             Began as a Ghoul Gladiator on July 14, 2022.
             Was a Follower of Makhleb.
             Mangled by a wyvern (12 damage)
             ... on level 4 of the Dungeon.
             The game lasted 00:07:56 (5031 turns).

PentaManta the Grappler (Ghoul Gladiator)           Turns: 5031, Time: 00:07:57

Health: -11/55     AC:  8    Str: 24    XL:     7   Next: 29%
Magic:  6/6        EV: 10    Int:  5    God:    Makhleb [*.....]
Gold:   128        SH:  0    Dex: 10    Spells: 6/6 levels left

rFire   . . .      SeeInvis .     - Unarmed
rCold   + . .      Faith    .   (no shield)
rNeg    + + +      Spirit   .   w - +1 scale mail {rPois}
rPois   ∞          Reflect  .   b - +0 helmet
rElec   .          Harm     .   (no cloak)
rCorr   .          Rampage  .   (no gloves)
Will    .....                   (no boots)
Stlth   ..........              (no amulet)
HPRegen 0.00/turn               e - +6 ring of strength
MPRegen 0.10/turn               (no ring)

@: inhibited regen
A: claws 1, cold resistance 1, negative energy resistance 3, inhibited
regeneration, torment resistance 2, devour on kill
a: Renounce Religion


You were on level 4 of the Dungeon.
You worshipped Makhleb.
Makhleb was aware of your devotion.
You visited 1 branch of the dungeon, and saw 4 of its levels.

You collected 128 gold pieces.

Inventory:

Missiles
 c - 3 throwing nets
 d - a javelin
 h - 6 boomerangs (quivered)
 v - 16 stones
Armour
 b - a +0 helmet (worn)
 f - a +0 ring mail
 r - a +0 pair of gloves
 s - a +0 scale mail
 w - a +1 scale mail of poison resistance (worn)
Jewellery
 e - a +6 ring of strength (left claw)
 j - an amulet of regeneration
 l - a ring of resist corrosion
 m - a ring of protection from fire
Wands
 C - a wand of flame (41)
Scrolls
 a - 2 scrolls of amnesia {unknown}
 p - a scroll of noise {unknown}
 q - 2 scrolls of immolation {unknown}
 t - a scroll of magic mapping {unknown}
 u - 3 scrolls of fog {unknown}
 y - a scroll of fear {unknown}
 z - a scroll of poison {unknown}
 B - 2 scrolls of teleportation {unknown}
Potions
 g - a potion of brilliance
 i - 2 potions of curing
 k - a potion of haste {unknown}
 n - 3 potions of heal wounds
 o - a potion of ambrosia {unknown}
 x - a potion of invisibility {unknown}
 A - 2 potions of flight


   Skills:
 - Level 2.1 Fighting
 + Level 2.0 Throwing
 - Level 2.6 Dodging
 + Level 8.9 Unarmed Combat


You had 6 spell levels left.
You didn't know any spells.
Your spell library contained the following spells:

 Spells                   Type           Power      Damage    Failure   Level
 Magic Dart               Conj           0%         1d3       80%         1
 Summon Small Mammal      Summ           0%         N/A       80%         1
 Call Imp                 Summ           0%         N/A       91%         2
 Scorch                   Fire           0%         2d5       91%         2
 Call Canine Familiar     Summ           0%         N/A       99%         3
 Mephitic Cloud           Conj/Pois/Air  0%         N/A       99%         3
 Summon Guardian Golem    Hex/Summ       0%         N/A       99%         3
 Flame Wave               Conj/Fire      0%         2d4       100%        4
 Summon Cactus Giant      Summ           0%         N/A       100%        6


Dungeon Overview and Level Annotations

Branches:
Dungeon (4/15)
 Temple: D:4-7

Altars:
Cheibriados
Makhleb
Nemelex Xobeh
Ru
Trog
Uskayaw
Wu Jian
Yredelemnul


Innate Abilities, Weirdness & Mutations

You are immune to poison.
You have sharp fingernails.
Your flesh is cold resistant. (rC+)
You are immune to negative energy. (rN+++)
You do not regenerate when monsters are visible.
You are immune to unholy pain and torment.
You thrive by killing the living.


Message History

You kill the quokka!
Makhleb accepts your kill.
No target in view!
Search for what [Enter for "."]? rock Unknown command.
You see here a quokka corpse.
A wyvern comes into view.
The wyvern hisses angrily.
The wyvern hisses menacingly.
Search for what [Enter for "rock", or ? for help]? stone Unknown command.
You throw a boomerang. The boomerang hits the wyvern.
The wyvern is lightly wounded.
You throw a boomerang. The boomerang hits the wyvern.
The wyvern is moderately wounded.
You throw a boomerang. The boomerang barely misses the wyvern.
The wyvern bites you but does no damage.
You barely miss the wyvern. You claw the wyvern!
The wyvern is severely wounded.
The wyvern hisses menacingly.
The wyvern bites you!
You completely miss the wyvern. You claw the wyvern.
The wyvern is severely wounded.
The wyvern bites you! The wyvern bites you.
You scratch the wyvern.
The wyvern is almost dead.
The wyvern closely misses you.
You scratch the wyvern.
The wyvern is almost dead.
The wyvern bites you!
* * * LOW HITPOINT WARNING * * *
You barely miss the wyvern. Your claw misses the wyvern.
The wyvern is almost dead.
The wyvern bites you!
* * * LOW HITPOINT WARNING * * *
The wyvern bites you but does no damage.
You closely miss the wyvern.
The wyvern is almost dead.
The wyvern bites you!
You die...

.....####
#.≈≈_....8..# ###
.....# #.≈≈≈≈≈≈....#
#####.. .......
#..≈≈≈≈≈≈≈..####......
.........
#....................#
..........
##...#.........#######
..........
####†.....#####
.......... #..#####
#.## #@# #l# #.# ...
... ..... .....
......#


You could see a wyvern.

Vanquished Creatures
  A phantom (D:4)
  Blork the orc (D:4)
  A hound (D:4)
  An orc priest (D:3)
  A gnoll bouda (D:4)
  A jelly (D:4)
  3 orc wizards
  5 adders
  5 gnolls
  An ufetubus (D:4)
  2 worms
  2 dart slugs
  9 orcs
  6 endoplasms
  4 giant cockroaches
  6 hobgoblins
  2 jackals (D:4)
  5 quokkas
  10 ball pythons
  3 bats
  6 frilled lizards
  13 goblins
  9 kobolds
  9 rats
106 creatures vanquished.

Notes
Turn   | Place    | Note
-------+----------+-------------------------------------------
     0 | D:1      | PentaManta the Ghoul Gladiator began the quest for the Orb.
     0 | D:1      | Reached XP level 1. HP: 17/17 MP: 0/0
   496 | D:1      | Reached XP level 2. HP: 24/24 MP: 1/1
   561 | D:1      | Reached skill level 4 in Unarmed Combat
   950 | D:1      | Reached XP level 3. HP: 21/29 MP: 2/2
  1305 | D:2      | Found a faded altar of an unknown god.
  1889 | D:2      | Reached skill level 5 in Unarmed Combat
  1912 | D:2      | Reached XP level 4. HP: 36/36 MP: 3/3
  2615 | D:3      | Reached skill level 6 in Unarmed Combat
  2685 | D:3      | Found a burning altar of Makhleb.
  2763 | D:3      | Became a worshipper of Makhleb the Destroyer
  2794 | D:3      | Reached XP level 5. HP: 41/41 MP: 4/4
  3380 | D:3      | Found a sacrificial altar of Ru.
  3380 | D:3      | Found a hide-covered altar of Uskayaw.
  3380 | D:3      | Found a bloodstained altar of Trog.
  3381 | D:3      | Found a basalt altar of Yredelemnul.
  3381 | D:3      | Found an ornate altar of the Wu Jian Council.
  3793 | D:4      | Reached skill level 7 in Unarmed Combat
  3902 | D:4      | Reached * piety under Makhleb
  3903 | D:4      | Reached XP level 6. HP: 34/48 MP: 5/5
  4035 | D:4      | Found a snail-covered altar of Cheibriados.
  4117 | D:4      | Found a sparkling altar of Nemelex Xobeh.
  4406 | D:4      | Noticed Blork the orc
  4415 | D:4      | Killed Blork the orc
  4416 | D:4      | Reached skill level 8 in Unarmed Combat
  4533 | D:4      | Reached XP level 7. HP: 41/55 MP: 6/6
  5022 | D:4      | Noticed a wyvern
  5030 | D:4      | HP: 1/55 [wyvern (14)]
  5031 | D:4      | Mangled by a wyvern

Illustrated notes

Levels and vault maps discovered:
D:1:      saegor_arrival_simple_c, layout_basic, minmay_worlds_worst_comb
D:2:      layout_loops_corners, hellmonk_ecumenical_altar_heavens_door,
          kennysheep_nub, minmay_randomly_rotated_circles
D:3:      minmay_octagon_keep, layout_loops_cross, minitemple, bloody_makhleb,
          grunt_decor_cap, nicolae_concentric_dashed_squares_wild,
          minmay_misc_feat_roman
D:4:      minmay_recursive_quarters, layout_cave_pods,
          mainiacjoe_overflow_catwalk, slow_altar_1, uniq_crazy_yiuf_cottage,
          uniq_blork_the_orc

Skill      XL: |  1  2  3  4  5  6  7 |
---------------+----------------------+-----
Unarmed Combat | 4 5 6 7 8 |  8.9
Throwing       | 2 |  2.0
Fighting       | |  2.1
Dodging        | |  2.6

Action                   |  1- 3 |  4- 6 |  7- 9 || total
-------------------------+-------+-------+-------++-------
Melee: Unarmed           |   104 |   207 |    25 ||   336
       Punch             |     3 |     7 |     3 ||    13
Throw: Boomerang         |     1 |     5 |     3 ||     9
       Stone             |       |     3 |    22 ||    25
  Use: Scroll            |       |     3 |       ||     3
       Potion            |       |     1 |       ||     1
 Stab: Sleeping          |     1 |       |       ||     1
Armor: Leather armour    |     7 |       |       ||     7
       Ring mail         |    21 |     4 |       ||    25
       Scale mail        |       |    99 |    11 ||   110
Dodge: Dodged            |    53 |    99 |    12 ||   164

Table legend: (Time is in decaauts)
 A = Elapsed time spent in this place.
 B = Non-inter-level travel time spent in this place.
 C = Inter-level travel time spent in this place.
 D = Time resting spent in this place.
 E = Time spent auto-exploring this place.
 F = Levels seen in this place.
 G = Mean time per level.
                   A        B        C        D        E       F      G
               +--------+--------+--------+--------+--------+-----+--------+
         Total |   4995 |   4886 |    109 |    619 |   3470 |   4 | 1248.8 |
       Dungeon |   4995 |   4886 |    109 |    619 |   3470 |   4 | 1248.8 |
               +--------+--------+--------+--------+--------+-----+--------+

Top non-repeatable levels by time:
     D:3: 1504 daAuts
     D:1: 1292 daAuts
     D:4: 1165 daAuts
     D:2: 1033 daAuts
